 Dungeon Sprint DCSS version 0.31-a0-703-gcfe89afef6 (webtiles) character file.

Game seed: 12648134642019888478

4900 rocky1 the Fencer (level 10, 0/91 HPs)
             Began as a Merfolk Gladiator on Sept 9, 2023.
             Was an Initiate of Gozag.
             Slain by a cane toad (15 damage)
             ... in the Dungeon (Sprint IX: "|||||||||||||||||||||||||||||").
             The game lasted 00:03:50 (1636 turns).

rocky1 the Fencer (Merfolk Gladiator)               Turns: 1636, Time: 00:03:51

Health: 0/91       AC: 15    Str: 17    XL:     10   Next: 51%
Magic:  10/10      EV: 13    Int:  9    God:    Gozag
Gold:   1755       SH:  0    Dex: 19    Spells: 9/9 levels left

rFire   . . .        o - +2 scimitar (flame)
rCold   . . .        (no shield)
rNeg    . . .        p - +1 chain mail
rPois   .            c - +0 helmet
rElec   .            (no cloak)
rCorr   .            (no gloves)
SInv    .            (no boots)
Will    .....        (no amulet) Stlth
                     r - +2 ring of protection
HPRegen 0.35/turn    q - +3 ring of strength
MPRegen 0.12/turn

%: no teleportation
@: lethally poisoned (0 -> -14), slowed, very slow
A: (nimble swimmer 2), mertail
a: Renounce Religion, Potion Petition, Call Merchant, Bribe Branch


You were in the Dungeon.
You worshipped Gozag.
Gozag was most pleased with you.
You visited 1 branch You collected 1755 gold pieces.

Inventory:

Hand Weapons
 a - a +0 long sword
 l - a +0 great sword
 o - a +2 scimitar of flaming (weapon)
Missiles
 d - 2 throwing nets
 e - a javelin
Armour
 b - a +0 leather armour
 c - a +0 helmet (worn)
 p - a +1 chain mail (worn)
Jewellery
 q - a +3 ring of strength (right hand)
 r - a +2 ring of protection (left hand)
Wands
 n - a wand of acid (5) (quivered)
Scrolls
 k - 3 scrolls of blinking
 m - 2 scrolls of amnesia
 u - a scroll of fear
 v - a scroll of identify
 w - 2 scrolls of fog
Potions
 f - 4 potions of curing
 g - 4 potions of heal wounds
 h - 2 potions of brilliance
 i - 4 potions of magic
 j - a potion of mutation
 s - a potion of might
 t - a potion of haste


   Skills:
 + Level 12.8 Fighting
 + Level 19.5 Long Blades
 + Level 4.3 Throwing
 + Level 8.1 Armour
 + Level 10.5 Dodging
 - Level 4.3 Stealth
 + Level 2.1 Evocations


You had 9 spell levels left.
You didn't know any spells.
Your spell library contained the following spells:

 Spells                   Type           Power      Damage    Failure   Level
 Poisonous Vapours        Pois/Air       0%         N/A       99%         2
 Swiftness                Air            0%         N/A       100%        3


Dungeon Overview and Level Annotations

Branches:
Dungeon (1/1)

Altars:
Cheibriados
Dithmenos
Elyvilon
Fedhas
Gozag
Hepliaklqana
Kikubaaqudgha
Makhleb
Nemelex Xobeh
Okawaru
Qazlal
Ru
Sif Muna
Trog
Uskayaw
Vehumet
Wu Jian
Xom
Yredelemnul
Zin
The Shining One
Jiyva
Lugonu


Innate Abilities, Weirdness & Mutations

((You are very nimble when in or above water. (Stealth+, EV+, Speed+++)))
Your lower body shifts to a powerful aquatic tail in water.


Message History

Press: ? - help, Q - select action, (/) - cycle Shift-Dir - straight line, f/p - cane toad
Aim: a cane toad (moderately wounded, 75% to hit)
The bolt of acid misses the cane toad.
The bolt of acid hits the torpor snail!!
The torpor snail seems to be corroded for longer.
The torpor snail is severely wounded.
The bolt of acid hits the yak!
The yak is severely wounded.
The bolt of acid misses the water moccasin.
You feel very sick. The cane toad stings you!
An elephant comes into view.
You barely miss the cane toad.
The cane toad is moderately wounded.
You feel very sick. The cane toad closely misses you.
The cane toad stings you but does no damage.
You slash the cane toad! You burn the cane toad.
The cane toad is heavily wounded.
You feel sick. The cane toad stings you!
You hit the cane toad. You burn the cane toad.
The cane toad is severely wounded.
You feel sick. The cane toad closely misses you.
You barely miss the cane toad.
The cane toad is severely wounded.
You feel sick. The cane toad stings you.
You are more poisoned.
The cane toad poisons you!
You closely miss the cane toad.
The cane toad is severely wounded.
You feel very sick. The cane toad stings you!
* * * LOW HITPOINT WARNING * * *
You slash the cane toad! You burn the cane toad.
The cane toad is almost dead.
* * * LOW HITPOINT WARNING * * *
You feel very sick. The cane toad closely misses you. The cane toad stings you!
You die...
Your body crumbles into a pile of gold.

▓.▓_▓
▓Y▓.▓_▓
▓k▓.▓_▓
▓S▓.▓_▓
▓Y▓.▓_▓
▓D▓.▓_▓
▓w▓.▓_▓
▓F▓.▓_▓
▓@▓.▓_▓
▓.▓.▓_▓
▓.▓.▓_▓
▓.▓.▓_▓
▓.▓.▓_▓
▓.▓.▓_▓
▓.▓.▓_▓
▓.▓.▓_▓
▓.▓.▓_▓


You could see a five-headed hydra, an elephant, a torpor snail (corroded), a yak
(corroded), a cane toad, a rime drake and a water moccasin (corroded).

Vanquished Creatures
  A centaur warrior (D)
  A two-headed ogre (D)
  A skeletal warrior (D)
  A deep elf pyromancer (D)
  A manticore (D)
  A black mamba (D)
  2 cane toads (D)
  A rime drake (D)
  A komodo dragon (D)
  A yak (D)
  A basilisk (D)
  A vampire mosquito (D)
  2 water moccasins (D)
  An orc warrior (D)
  An ogre (D)
  A bullfrog (D)
  A wight (D)
  A killer bee (D)
  A howler monkey (D)
  A hound (D)
  An iguana (D)
  An orc wizard (D)
  A white imp (D)
  2 dart slugs (D)
  2 bats (D)
  An endoplasm (D)
  A hobgoblin (D)
31 creatures vanquished.

Notes
Turn   | Place    | Note
-------+----------+-------------------------------------------
     0 | D        | rocky1 the Merfolk Gladiator began the quest for the Orb.
     0 | D        | Reached XP level 1. HP: 16/16 MP: 1/1
     6 | D        | Reached skill level 4 in Long Blades
     9 | D        | Reached skill level 5 in Dodging
    15 | D        | Reached XP level 2. HP: 22/23 MP: 2/2
    22 | D        | Noticed an ogre
    39 | D        | Reached skill level 6 in Long Blades
    39 | D        | Reached XP level 3. HP: 23/29 MP: 3/3
    46 | D        | Killed an ogre
    47 | D        | Reached skill level 8 in Long Blades
    47 | D        | Reached skill level 1 in Armour
    47 | D        | Reached XP level 4. HP: 33/38 MP: 4/4
    47 | D        | Reached XP level 5. HP: 38/43 MP: 5/5
    65 | D        | Reached skill level 5 in Fighting
    65 | D        | Reached skill level 9 in Long Blades
   341 | D        | Found a snail-covered altar of Cheibriados.
   341 | D        | Found a shadowy altar of Dithmenos.
   341 | D        | Found a white marble altar of Elyvilon.
   341 | D        | Found a blossoming altar of Fedhas.
   341 | D        | Found an opulent altar of Gozag.
   342 | D        | Found a hazy altar of Hepliaklqana.
   343 | D        | Found a viscous altar of Jiyva.
   344 | D        | Found an ancient bone altar of Kikubaaqudgha.
   345 | D        | Found a corrupted altar of Lugonu.
   346 | D        | Found a burning altar of Makhleb.
   347 | D        | Found a sparkling altar of Nemelex Xobeh.
   348 | D        | Found an iron altar of Okawaru.
   349 | D        | Became a worshipper of Gozag Ym Sagoz the Greedy
   350 | D        | Found a stormy altar of Qazlal.
   351 | D        | Found a sacrificial altar of Ru.
   352 | D        | Found a shimmering blue altar of Sif Muna.
   353 | D        | Found a bloodstained altar of Trog.
   354 | D        | Found a hide-covered altar of Uskayaw.
   355 | D        | Found a radiant altar of Vehumet.
   356 | D        | Found an ornate altar of the Wu Jian Council.
   357 | D        | Found a shimmering altar of Xom.
   358 | D        | Found a basalt altar of Yredelemnul.
   359 | D        | Found a glowing silver altar of Zin.
   360 | D        | Found a glowing golden altar of the Shining One.
   399 | D        | Noticed an orc warrior
   399 | D        | Noticed a yak
   409 | D        | Killed a yak
   410 | D        | Reached skill level 11 in Long Blades
   410 | D        | Reached XP level 6. HP: 53/53 MP: 6/6
   420 | D        | Killed an orc warrior
   421 | D        | Reached skill level 12 in Long Blades
   421 | D        | Reached XP level 7. HP: 34/60 MP: 7/7
   515 | D        | Noticed a deep elf pyromancer
   515 | D        | Noticed a two-headed ogre
   515 | D        | Noticed a vampire mosquito
   515 | D        | Noticed a centaur warrior
   515 | D        | Noticed a manticore
   515 | D        | Noticed a skeletal warrior
   530 | D        | Killed a skeletal warrior
   531 | D        | Reached skill level 14 in Long Blades
   531 | D        | Reached XP level 8. HP: 28/71 MP: 8/8
   536 | D        | Killed a manticore
   537 | D        | Reached skill level 15 in Long Blades
   543 | D        | Killed a centaur warrior
   544 | D        | Reached skill level 10 in Fighting
   544 | D        | Reached skill level 16 in Long Blades
   544 | D        | Reached skill level 5 in Armour
   544 | D        | Reached XP level 9. HP: 43/79 MP: 9/9
   547 | D        | Killed a two-headed ogre
   548 | D        | Reached skill level 17 in Long Blades
   551 | D        | Reached skill level 1 in Evocations
   551 | D        | Killed a deep elf pyromancer
   552 | D        | Reached skill level 18 in Long Blades
   552 | D        | Reached skill level 10 in Dodging
   849 | D        | Got Hinog's Parchment of Ozone
   860 | D        | Noticed a black mamba
   860 | D        | Noticed a cane toad
   860 | D        | Noticed a rime drake
   862 | D        | Killed a rime drake
   863 | D        | Reached XP level 10. HP: 72/89 MP: 10/10
   863 | D        | Noticed a cane toad
   867 | D        | Killed a cane toad
   869 | D        | Killed a black mamba
   870 | D        | Reached skill level 19 in Long Blades
  1206 | D        | Killed a cane toad
  1628 | D        | Noticed a five-headed hydra
  1628 | D        | Noticed a torpor snail
  1628 | D        | Noticed a cane toad
  1630 | D        | Noticed an elephant
  1636 | D        | Slain by a cane toad

Illustrated notes

Levels and vault maps discovered:
D:        linesprint [early_d, line_temple, items_1, d_10, items_2, lair_1,
          lair_end, items_3, orc_1, orc_end, items_4, d_15, swamp_1, shoals_1,
          snake_1, spider_1, d_20, vaults_1, items_5, swamp_end, shoals_end,
          snake_end, spider_end, vaults_end, d_27, items_6, zot_1, zot_end,
          crypt_end, forest_end, elf_end, slime_end, tomb_end, abyss_end,
          pan_hell_end]

Skill      XL: |  1  2  3  4  5  6  7  8  9 10 |
---------------+-------------------------------+-----
Long Blades    | 4 6 8 11 12 14 16 18 19 | 19.5
Dodging        | 5 6 7 8 9 10 | 10.5
Fighting       | 3 4 6 7 9 10 11 12 | 12.8
Throwing       | 3 4 |  4.3
Armour         | 1 2 4 5 6 8 |  8.1
Stealth        | 2 3 4 |  4.3
Evocations     | 1 2 |  2.1

Action                     |  1- 3 |  4- 6 |  7- 9 | 10-12 || total
---------------------------+-------+-------+-------+-------++-------
  Melee: Long sword        |    33 |    19 |       |       ||    52
         Scimitar          |       |    17 |    38 |    37 ||    92
         Punch             |       |       |     2 |     1 ||     3
  Throw: Throwing net      |     1 |       |       |       ||     1
  Evoke: Wand              |       |       |     2 |     3 ||     5
    Use: Potion            |       |     1 |     3 |     2 ||     6
   Stab: Invisible         |       |     3 |       |       ||     3
         Distracted        |       |       |       |     1 ||     1
 Armour: Leather armour    |    15 |     6 |       |       ||    21
         Chain mail        |       |     7 |    21 |    21 ||    49
  Dodge: Dodged            |    26 |    20 |     8 |    12 ||    66

Table legend: (Time is in decaauts)
 A = Elapsed time spent in this place.
 B = Non-inter-level travel time spent in this place.
 C = Inter-level travel time spent in this place.
 D = Time resting spent in this place.
 E = Time spent auto-exploring this place.
 F = Levels seen in this place.
 G = Mean time per level.
                   A        B        C        D        E       F      G
               +--------+--------+--------+--------+--------+-----+--------+
         Total |   1612 |   1612 |      0 |   1231 |      0 |   1 | 1612.0 |
       Dungeon |   1612 |   1612 |      0 |   1231 |      0 |   1 | 1612.0 |
               +--------+--------+--------+--------+--------+-----+--------+

Top non-repeatable levels by time:
       D: 1612 daAuts
